 Dungeon Crawl Stone Soup version 0.27.1-4-g1640c2035a (webtiles) character file.

Game seed: 3881320856700531272

49 Icepheonix32 the Insei (level 3, -2/26 HPs)
             Began as a Demonspawn Transmuter on Nov 1, 2021.
             Killed from afar by an orc wizard (7 damage)
             ... with a magic dart
             ... on level 3 of the Dungeon.
             The game lasted 00:01:50 (1514 turns).

Icepheonix32 the Insei (Demonspawn Transmuter)      Turns: 1514, Time: 00:01:50

Health: -2/26      AC:  2    Str: 11    XL:     3   Next: 51%
Magic:  6/6        EV: 12    Int: 14    God:
Gold:   37         SH:  0    Dex: 13    Spells: 5/6 levels left

rFire    . . .     SeeInvis .     - Unarmed
rCold    . . .     Faith    .   (no shield)
rNeg     . . .     Spirit   .   a - +0 robe
rPois    .         Reflect  .   (no helmet)
rElec    .         Harm     .   (no cloak)
rCorr    .         Rampage  .   (no gloves)
Will     +....                  (no boots)
Stlth    +.........             (no amulet)
HPRegen  0.08/turn              f - ring of willpower
MPRegen  0.10/turn              (no ring)

@: flying (expiring)
A: talons 1, demonic guardian 1
a: no special abilities


You were on level 3 of the Dungeon.
You visited 1 branch of the dungeon, and saw 4 of its levels.

You collected 37 gold pieces.

Inventory:

Hand Weapons
 c - a +3 dagger
Armour
 a - a +0 robe (worn)
 d - a +0 buckler
 i - a +0 leather armour
Jewellery
 f - a ring of willpower (left hand)
Scrolls
 b - 2 scrolls of brand weapon {unknown}
 g - 3 scrolls of identify {unknown}
 h - a scroll of vulnerability {unknown}
Potions
 e - a potion of flight


   Skills:
 * Level 1.6 Fighting
 * Level 2.1 Dodging
 + Level 0.1 Stealth
 * Level 3.4 Unarmed Combat
 + Level 2.2 Spellcasting
 + Level 1.9 Transmutations


You had 5 spell levels left.
You knew the following spells:

 Your Spells              Type           Power      Damage    Failure   Level
a - Beastly Appendage     Tmut           14%        N/A       11%         1

Your spell library contained the following spells:

 Spells                   Type           Power      Damage    Failure   Level
 Wereblood                Tmut           7%         N/A       16%         2
 Spider Form              Tmut/Pois      2%         N/A       43%         3
 Ice Form                 Ice/Tmut       4%         N/A       83%         4
 Summon Lightning Spire   Summ/Air       1%         N/A       93%         4
 Storm Form               Tmut/Air       2%         N/A       100%        7
 Maxwell's Capacitive Co  Air            0%         ∞         100%        8


Dungeon Overview and Level Annotations

Branches:
Dungeon (4/15)
 Temple: D:4-7

Altars:


Innate Abilities, Weirdness & Mutations

You have sharp toenails.
A weak demonic guardian rushes to your aid.


Message History

You hit the orc.
The orc is severely wounded.
The orc hits you but does no damage.
You closely miss the orc. You claw the orc.
You kill the orc!
You hit something but do no damage. Your headbutt misses something.
Something hits you.
You closely miss something. You claw something. Your headbutt misses something.
Your horns disappear.
Something hits you.
You miss something. You claw something. Something hits you.
You hit something. You claw something. Something hits you.
You miss something. You claw something. Something hits you.
* * * LOW HITPOINT WARNING * * *
You barely miss something. You claw something. Something hits you.
* * * LOW HITPOINT WARNING * * *
You hit something. Something hits you but does no damage.
The orc wizard casts a spell at you.
You hit something. Something hits you.
* * * LOW HITPOINT WARNING * * *
The orc wizard gestures at you while chanting.
The magic dart hits something.
Reactivating autopickup.
You feel a bit more experienced.
You have reached level 3!
Your experience leads to an increase in your attributes!
Increase (S)trength, (I)ntelligence, or (D)exterity?
You feel stronger.
Your demonic ancestry asserts itself...
You feel the presence of a demonic guardian.
Okay, then.
Things that are here:
a +0 club; a +0 leather armour; an orc corpse
i - a +0 leather armour The orc wizard gestures wildly while chanting.
The orc wizard flickers and vanishes!
Deactivating autopickup; reactivate with Ctrl-A.
You are starting to lose your buoyancy.
A magic dart appears from out of thin air!
The magic dart hits you!
You die...

#####.##.#
#.o......#
#.###.##....
#{# #.# . #.#
#.# # #.# #)#
.# #.#
#o##..# ###
#.# #..)..#
..###@#
####.##
#.#...# #
#.#.###
#.#.######.#
#..........#
##.(.########
#....########
#.#..........
#.#..........


You could see an orc.

Vanquished Creatures
  A dart slug (D:1)
  2 orcs (D:3)
  A ball python (D:1)
  A bat (D:1)
  An endoplasm (D:1)
  A giant cockroach (D:1)
  3 goblins (D:1)
  3 hobgoblins (D:1)
  3 quokkas
  A frilled lizard (D:1)
  3 rats (D:1)
20 creatures vanquished.

Vanquished Creatures (others)
  An orc wizard (D:3)
1 creature vanquished.

Grand Total: 21 creatures vanquished

Notes
Turn   | Place    | Note
-------+----------+-------------------------------------------
     0 | D:1      | Icepheonix32 the Demonspawn Transmuter began the quest for
                  | the Orb.
     0 | D:1      | Reached XP level 1. HP: 15/15 MP: 3/3
   183 | D:1      | Reached skill level 3 in Unarmed Combat
   183 | D:1      | Gained mutation: You have sharp toenails. [demonic
                  | ancestry]
   183 | D:1      | Reached XP level 2. HP: 11/21 MP: 5/5
   716 | D:1      | Found a faded altar of an unknown god.
  1311 | D:2      | You fall into a shaft and drop 2 floors!
  1499 | D:3      | Gained mutation: A weak demonic guardian rushes to your
                  | aid. [demonic ancestry]
  1499 | D:3      | Reached XP level 3. HP: 4/26 MP: 6/6
  1514 | D:3      | Killed from afar by an orc wizard

Illustrated notes

Levels and vault maps discovered:
D:1:      eino_arrival_water_star, layout_rooms,
          hellmonk_ecumenical_altar_blasted, serial_rivers,
          chequers_serial_rivers_micro_d, chequers_serial_rivers_small_3,
          chequers_serial_rivers_small_3, chequers_serial_rivers_large_a,
          chequers_serial_rivers_micro_d, chequers_serial_rivers_micro_c,
          minmay_pentomino_u4
D:2:      layout_rooms, serial_shops, nicolae_diamond_shop, patterned_corridor
D:3:      layout_loops_ring, uniq_terence, uniq_grinder
D:4:      layout_basic, uniq_purgy

Skill      XL: |  1  2 |
---------------+-------+-----
Unarmed Combat | 3 |  3.4
Dodging        | 2 |  2.1
Fighting       | |  1.6
Stealth        | |  0.1
Spellcasting   | |  2.2
Transmutations | |  1.9

Action                   || total
-------------------------++-------
Melee: Unarmed           ||    80
       Kick              ||    21
       Punch             ||     4
       Headbutt          ||     3
 Cast: Beastly Appendage ||    10
  Use: Potion            ||     1
 Stab: Sleeping          ||     1
Armor: Robe              ||     6
Dodge: Dodged            ||    34
